 Dungeon Sprint DCSS version 0.32-a0-585-gef4fe23122 (webtiles) character file.

Game seed: 10394451198197192335

4465 Revguard the Carver (level 10, -7/60 HPs)
             Began as a Vine Stalker Gladiator on Mar 2, 2024.
             Was a Priest of Jiyva.
             Incinerated by a deep elf pyromancer (12 damage)
             ... with a pyre arrow
             ... in the Dungeon (Sprint V: "Ziggurat Sprint").
             The game lasted 00:08:16 (604 turns).

Revguard the Carver (Vine Stalker Gladiator)         Turns: 604, Time: 00:08:16

Health: -7/60      AC: 14    Str: 14    XL:     10   Next: 37%
Magic:  0/29       EV: 21    Int: 14    God:    Jiyva [***...]
Gold:   0          SH:  0    Dex: 33    Spells: 9/9 levels left

rFire   . . .        D - +9 sword of Power {lifebolt}
rCold   + . .        (shield currently unavailable)
rNeg    + . .        F - quicksilver dragon scales "Aroenn" {rC+ Will+ Int+6 Dex+4}
rPois   .            c - +0 helmet
rElec   .            (no cloak)
rCorr   +            (no gloves)
SInv    .            (no boots)
Will    +++..        (no amulet)
Stlth   +            n - ring "Bymaog" {rN+ Will+ MP+9 Int+2 Stlth-}
HPRegen 2.22/turn    E - ring of magical power
MPRegen 0.77/turn

%: no teleportation, guardian spirit
@: on fire, glowing
A: fangs 3, regeneration 1, magic shield, antimagic bite, no potion heal 2,
agile 2, wild magic 2
a: Renounce Religion, Oozemancy


You were in the Dungeon.
You worshipped Jiyva.
Jiyva was most pleased with you.
You visited 1 branch

Inventory:

Hand Weapons
 D - the +9 sword of Power (weapon) {lifebolt}
   (You found it in the Dungeon)
Missiles
 d - 3 throwing nets (quivered)
 e - a javelin
Armour
 c - a +0 helmet (worn)
 C - the +15 Maxwell's patent armour {-Cast -Tele rElec Will+ rCorr}
   (You found it in the Dungeon)

   rElec:     It insulates you from electricity.
   Will+:     It increases your willpower.
   -Cast:     It prevents spellcasting.
   -Tele:     It prevents most forms of teleportation.
   rCorr:     It protects you from acid and corrosion.
 F - the quicksilver dragon scales "Aroenn" (worn) {rC+ Will+ Int+6 Dex+4}
   (You found it in the Dungeon)

   Int+6:     It affects your intelligence (+6).
   Dex+4:     It affects your dexterity (+4).
   rC+:       It protects you from cold.
   Will+:     It increases your willpower.
Jewellery
 n - the ring "Bymaog" (left hand) {rN+ Will+ MP+9 Int+2 Stlth-}
   (You found it in the Dungeon)

   [ring of willpower]

   Int+2:     It affects your intelligence (+2).
   rN+:       It protects you from negative energy.
   Will+:     It increases your willpower.
   MP+9:      It affects your magic capacity (+9).
   Stlth-:    It makes you less stealthy.
 w - a +6 ring of dexterity
 x - a +6 ring of dexterity
 E - a ring of magical power (right hand)
Wands
 t - a wand of mindburst (4)
 G - a wand of paralysis (3)
 J - a wand of digging (9)
 K - a wand of roots (5)
Scrolls
 j - 2 scrolls of blinking
 p - 4 scrolls of amnesia
 q - 7 scrolls of fog
 r - 5 scrolls of identify
 s - 2 scrolls of fear
Potions
 f - 10 potions of curing
 g - 6 potions of haste
 h - 7 potions of magic
 i - 3 potions of berserk rage
 k - 2 potions of brilliance
 l - 2 potions of invisibility
 m - 4 potions of resistance
 o - 5 potions of might


   Skills:
 + Level 10.4 Fighting
 + Level 10.7 Long Blades
 - Level 1.7 Throwing
 + Level 9.1 Armour
 + Level 9.5 Dodging
 + Level 9.9 Evocations


You had 9 spell levels left.
You didn't know any spells.
Your spell library contained the following spells:

 Spells                   Type           Power      Damage    Failure   Level
 Summon Small Mammal      Summ           0%         N/A       63%         1
 Call Canine Familiar     Summ           0%         N/A       92%         3
 Hailstorm                Conj/Ice       0%         3d5       92%         3
 Summon Ice Beast         Ice/Summ       0%         N/A       92%         3
 Animate Dead             Necr           0%         N/A       100%        4
 Summon Blazeheart Golem  Fire/Summ      0%         N/A       100%        4
 Vhi's Electric Charge    Tloc/Air       0%         N/A       100%        4
 Arcjolt                  Conj/Air       0%         1d10      100%        5
 Borgnjor's Vile Clutch   Necr/Erth      0%         N/A       100%        5
 Death Channel            Necr           0%         N/A       100%        6
 Plasma Beam              Fire/Air       0%         2x1d10    100%        6
 Sculpt Simulacrum        Ice/Alch       0%         N/A       100%        6
 Malign Gateway           Summ/Tloc      0%         N/A       100%        7
 Summon Horrible Things   Summ           0%         N/A       100%        8


Dungeon Overview and Level Annotations

Branches:
Dungeon (1/1)

Altars:
Ashenzari
Cheibriados
Dithmenos
Elyvilon
Fedhas
Gozag
Hepliaklqana
Kikubaaqudgha
Makhleb
Nemelex Xobeh
Okawaru
Qazlal
Ru
Sif Muna
Trog
Uskayaw
Vehumet
Wu Jian
Xom
Yredelemnul
Zin
The Shining One
Beogh
Jiyva
Lugonu


Innate Abilities, Weirdness & Mutations

You have razor-sharp teeth.
Your natural rate of healing is unusually fast.
When hurt, damage is shared between your health and your magic reserves.
Your bite disrupts and absorbs the magic of your enemies.
Potions cannot restore your health.
You are very agile. (Dex +8, Str/Int -2)
Your spells are harder to cast, but more powerful.


Message History

The roots erupt in riotous growth!
Roots grab the deep elf demonologist.
The fire elemental is unaffected.
Roots grab the deep elf archer.
The liquid fire burns you!
The grasping roots constrict the deep elf demonologist!
The grasping roots constrict the deep elf archer!
The water nymph changes into a redback!
The deep elf zephyrmancer casts a spell at you.
The bolt of lightning hits the fire elemental.
The fire elemental resists.
The bolt of lightning misses you. The bolt of lightning hits you!!
The deep elf pyromancer mumbles some strange words.
The roots lose their grip on the deep elf demonologist.
The deep elf archer shoots an arrow.
The arrow hits you!!
You shake off some of the fire as you move.
The liquid fire burns you!
* * * LOW HITPOINT WARNING * * *
The grasping roots constrict the deep elf archer.
The redback changes into a merfolk!
The deep elf archer shoots an arrow.
The arrow hits you but does no damage.
Aiming: Fastroot
Press: ? - help, Shift-Dir - straight line, f - deep elf demonologist
Aim: a deep elf demonologist, wielding a +0 rapier and wearing a +0 leather armour (almost dead, blind, unable to see you)
The roots erupt in riotous growth!
Roots grab the deep elf demonologist.
Roots grab the deep elf pyromancer.
The fire elemental is unaffected. x2
The liquid fire burns you!
* * * LOW HITPOINT WARNING * * *
The grasping roots constrict the deep elf archer!!
The grasping roots constrict the deep elf demonologist.
The grasping roots constrict the deep elf pyromancer!
The deep elf pyromancer struggles to escape constriction.
The roots lose their grip on the deep elf demonologist.
The deep elf archer escapes!
You strike the helpless deep elf demonologist from behind!
You hit the deep elf demonologist.
The deep elf demonologist is almost dead.
The liquid fire burns you!
You die...
Jiyva sends a jelly to digest your remains.

▓..=:)|)..▓
▓...[[=|..▓
▓.....e...▓
▓......em.▓
▓...○e.○..▓
▓.○°.☼E○e.▓
▓.▓.E.Ee▓.▓
▓....©.@..▓
▓▓▓▓▓▓▓▓▓▓▓


You could see a merfolk shaped shifter, a deep elf demonologist (blind, unable
to see you), 2 deep elf archers, a deep elf pyromancer (rooted), a deep elf
zephyrmancer and 3 fire elementals.

Vanquished Creatures
  A dancing weapon (D)
  A thrashing horror (D)
  A death scarab (D)
  A deep elf pyromancer (D)
  3 guardian mummies (D)
  A hellwing (D)
  2 merfolk (D)
  3 wind drakes (D)
  An ushabti (D)
  A centaur (D)
  2 phantoms (D)
  2 weeping skulls (D)
  A crimson imp (D)
  2 orc priests (D)
  4 mummies (D)
  A shadow imp (D)
  2 white imps (D)
  4 ufetubi (D)
  2 adder skeletons (D)
  A ball python skeleton (D)
  A ball python zombie (D)
37 creatures vanquished.

Vanquished Creatures (others)
  An azure jelly (D)
  A cacodemon (D)
  A formless jellyfish (D)
  A very ugly thing (D)
  A two-headed ogre (shapeshifter) (D)
  A sea snake (shapeshifter) (D)
  A shining eye (shapeshifter) (D)
  A shining eye (D)
  A moth of wrath (shapeshifter) (D)
  A torpor snail (shapeshifter) (D)
  A merfolk siren (D)
  A yaktaur (shapeshifter) (D)
  A large abomination (D)
  A merfolk (shapeshifter) (D)
  A snapping turtle (shapeshifter) (D)
  A yak (shapeshifter) (D)
  4 neqoxecs (D)
  A human (shapeshifter) (D)
  A swamp worm (shapeshifter) (D)
  9 jellies (D)
31 creatures vanquished.

Grand Total: 68 creatures vanquished

Notes
Turn   | Place    | Note
-------+----------+-------------------------------------------
     0 | D        | Revguard the Vine Stalker Gladiator began the quest for the
                  | Orb.
     0 | D        | Reached XP level 1. HP: 11/11 MP: 2/2
     0 | D        | Found a blossoming altar of Fedhas.
     0 | D        | Found the +6 Majin-Bo {spellvamp, MP+6 Int+6}
     0 | D        | Found the +27 heavy crossbow "Sniper" {heavy, Acc+∞ SInv}
     0 | D        | Found the +10 dark maul {heavy}
     0 | D        | Found the +15 Maxwell's patent armour {-Cast -Tele rElec
                  | Will+ rCorr}
     0 | D        | Found the +18 shield of the Gong {Loud rN+ Will+ rCorr
                  | EV-5}
     0 | D        | Found the +16 obsidian axe {drain, demonic, Mesm ^Drain Fly
                  | SInv}
     0 | D        | Found the +7 great mace "Firestarter" {flame, immolate,
                  | rFlCloud rF++}
     0 | D        | Found the +6 shillelagh "Devastator" {shatter}
     0 | D        | Found the +11 plutonium sword {^Contam Stlth-}
     0 | D        | Found the +8 lance "Wyrmbane" {slay drac, rPois rF+ rC+
                  | AC+3}
     0 | D        | Found the +9 sword of Zonguldrok {reap}
     0 | D        | Found the +13 scythe of Curses {drain, curses, ^Drain}
     0 | D        | Found the +9 sword of Power {lifebolt}
     0 | D        | Found the +7 mace of Variability {chaos, chaos arc}
     0 | D        | Found the +11 Singing Sword {sonic wave}
     0 | D        | Found the +8 storm bow {elec, penet}
     1 | D        | Found a shimmering blue altar of Sif Muna.
     1 | D        | Found a sacrificial altar of Ru.
     1 | D        | Found a bloodstained altar of Trog.
     1 | D        | Found a stormy altar of Qazlal.
     1 | D        | Found an iron altar of Okawaru.
     1 | D        | Found a sparkling altar of Nemelex Xobeh.
     3 | D        | Found a transporter.
     3 | D        | Found an ancient bone altar of Kikubaaqudgha.
     3 | D        | Found a viscous altar of Jiyva.
     3 | D        | Found a corrupted altar of Lugonu.
     3 | D        | Found a hazy altar of Hepliaklqana.
     3 | D        | Found a burning altar of Makhleb.
     3 | D        | Found an opulent altar of Gozag.
    24 | D        | Became a worshipper of Jiyva Juulu the Shapeless
    24 | D        | Killed a merfolk siren
    25 | D        | Killed an azure jelly
    26 | D        | Killed a formless jellyfish
    33 | D        | Killed a neqoxec
    38 | D        | Killed a torpor snail
    40 | D        | Killed a shining eye
    44 | D        | Killed a two-headed ogre
    51 | D        | Reached XP level 2. HP: 17/17 MP: 3/3
    55 | D        | Entered arena 2.
    55 | D        | Found a transporter.
    61 | D        | Reached XP level 3. HP: 11/21 MP: 1/4
    64 | D        | Reached skill level 5 in Long Blades
    64 | D        | Reached XP level 4. HP: 19/26 MP: 1/5
    64 | D        | Killed a neqoxec
    66 | D        | Got the ring "Bymaog" {rN+ Will+ MP+9 Int+2 Stlth-}
    66 | D        | Killed a neqoxec
    70 | D        | Killed a merfolk
    79 | D        | Killed a human
   112 | D        | Killed a moth of wrath
   134 | D        | Killed a shining eye
   141 | D        | Killed a swamp worm
   147 | D        | Killed a yak
   153 | D        | Killed a purple very ugly thing
   185 | D        | Killed a sea snake
   198 | D        | Killed a yaktaur
   202 | D        | Killed a snapping turtle
   256 | D        | Entered arena 3.
   256 | D        | Noticed a slime creature
   256 | D        | Found a transporter.
   263 | D        | Entered arena 4.
   263 | D        | Noticed a thrashing horror
   263 | D        | Reached * piety under Jiyva
   263 | D        | Found a transporter.
   278 | D        | Killed a large abomination
   280 | D        | Killed a thrashing horror
   281 | D        | Reached skill level 5 in Armour
   281 | D        | Reached XP level 5. HP: 33/33 MP: 6/6
   281 | D        | Reached XP level 6. HP: 38/38 MP: 7/7
   281 | D        | Reached XP level 7. HP: 42/42 MP: 8/8
   292 | D        | Entered arena 5.
   292 | D        | Found a transporter.
   314 | D        | Got the quicksilver dragon scales "Aroenn" {rC+ Will+ Int+6
                  | Dex+4}
   328 | D        | Entered arena 6.
   328 | D        | Found a transporter.
   340 | D        | Gained mutation: You have razor-sharp teeth. [Vine Stalker
                  | growth]
   340 | D        | Reached XP level 8. HP: 46/46 MP: 9/9
   360 | D        | Entered arena 7.
   360 | D        | Noticed a hellwing
   360 | D        | Reached ** piety under Jiyva
   361 | D        | Found a transporter.
   365 | D        | Killed a hellwing
   383 | D        | Entered arena 8.
   383 | D        | Noticed a wind drake
   383 | D        | Noticed a wind drake
   383 | D        | Noticed a merfolk
   383 | D        | Noticed a merfolk
   383 | D        | Noticed a wind drake
   384 | D        | Found a transporter.
   389 | D        | Killed a wind drake
   393 | D        | Killed a wind drake
   397 | D        | Killed a wind drake
   398 | D        | Reached XP level 9. HP: 25/52 MP: 10/10
   399 | D        | Killed a merfolk
   401 | D        | Killed a merfolk
   435 | D        | Entered arena 9.
   435 | D        | Found the +8 mithril axe "Arga" {speed, Will+}
   435 | D        | Reached *** piety under Jiyva
   435 | D        | Gained mutation: You are agile. (Dex +4, Str/Int -1)
                  | [Jiyva's grace]
   435 | D        | Gained mutation: You are very agile. (Dex +8, Str/Int -2)
                  | [Jiyva's grace]
   435 | D        | Gained mutation: Your spells are a little harder to cast,
                  | but a little more powerful. [Jiyva's grace]
   435 | D        | Gained mutation: Your spells are harder to cast, but more
                  | powerful. [Jiyva's grace]
   436 | D        | Found a transporter.
   436 | D        | Noticed a shining eye
   448 | D        | Entered arena 10.
   448 | D        | Noticed a death scarab
   448 | D        | Noticed a guardian mummy
   448 | D        | Noticed a guardian mummy
   448 | D        | Noticed a guardian mummy
   453 | D        | Killed a guardian mummy
   456 | D        | Killed a death scarab
   458 | D        | Found a transporter.
   465 | D        | Killed a guardian mummy
   466 | D        | Reached skill level 10 in Long Blades
   466 | D        | Killed a guardian mummy
   467 | D        | Reached XP level 10. HP: 30/59 MP: 11/11
   472 | D        | Got the ring "Ziekh" {rF+ Will+}
   486 | D        | Killed a cacodemon
   597 | D        | Entered arena 11.
   597 | D        | Noticed a deep elf pyromancer
   597 | D        | Noticed a deep elf demonologist
   597 | D        | Noticed a deep elf archer
   597 | D        | Noticed a deep elf pyromancer
   597 | D        | Noticed a +2 flail of protection
   597 | D        | Noticed a deep elf archer
   597 | D        | Noticed a deep elf zephyrmancer
   598 | D        | a culicivora changed into a steelbarb worm
   598 | D        | Noticed a steelbarb worm (glowing shapeshifter)
   599 | D        | Killed a +2 flail of protection
   600 | D        | Reached skill level 10 in Fighting
   600 | D        | Killed a deep elf pyromancer
   600 | D        | a steelbarb worm changed into a water nymph
   600 | D        | Noticed a water nymph (glowing shapeshifter)
   601 | D        | a water nymph changed into a redback
   603 | D        | HP: 3/60 [burnt (12)]
   604 | D        | Incinerated by a deep elf pyromancer

Illustrated notes

Levels and vault maps discovered:
D:        sprint_v [room_start, room_1, room_2, room_3, room_4, room_5, room_6,
          room_7, room_8, room_9, room_10, room_11, room_12, room_13, room_14,
          room_15, room_16, room_17, room_18, room_19, room_20, room_21,
          room_22, room_23, room_24, room_25, room_26, room_27]

Skill      XL: |  1  2  3  4  5  6  7  8  9 10 |
---------------+-------------------------------+-----
Fighting       | 3 4 7 8 9 10 | 10.4
Long Blades    | 4 5 7 9 10 | 10.7
Armour         | 2 5 6 7 8 9 |  9.1
Dodging        | 3 4 6 7 9 |  9.5
Evocations     | 2 3 6 8 9 |  9.9
Throwing       | |  1.7

Action                     |  1- 3 |  4- 6 |  7- 9 | 10-12 || total
---------------------------+-------+-------+-------+-------++-------
  Melee: Great sword       |     7 |    13 |    53 |     1 ||    74
         Bite              |     3 |     3 |    14 |       ||    20
  Evoke: Wand              |       |       |     9 |     4 ||    13
    Use: Potion            |     1 |       |       |       ||     1
         Scroll            |       |       |     2 |       ||     2
   Stab: Invisible         |       |       |       |     1 ||     1
 Armour: Plate armour      |    10 |   123 |    23 |       ||   156
         Quicksilver drago |       |       |    77 |     4 ||    81
  Dodge: Dodged            |     2 |    43 |   131 |     3 ||   179

Table legend: (Time is in decaauts)
 A = Elapsed time spent in this place.
 B = Non-inter-level travel time spent in this place.
 C = Inter-level travel time spent in this place.
 D = Time resting spent in this place.
 E = Time spent auto-exploring this place.
 F = Levels seen in this place.
 G = Mean time per level.
                   A        B        C        D        E       F      G
               +--------+--------+--------+--------+--------+-----+--------+
         Total |    635 |    635 |      0 |    311 |      0 |   1 |  635.0 |
       Dungeon |    635 |    635 |      0 |    311 |      0 |   1 |  635.0 |
               +--------+--------+--------+--------+--------+-----+--------+

Top non-repeatable levels by time:
       D: 635 daAuts
